 Dungeon Crawl Stone Soup version 0.25.1-9-gc5326a611f (webtiles) character file.

Game seed: 3717694412667434631

683 pokeman the Thaumaturge (level 7, 0/38 HPs)
             Began as a Deep Elf Wizard on Dec 26, 2020.
             Slain by an orc
             ... wielding a +0 spear
              (4 damage)
             ... in a bailey.
             The game lasted 00:14:59 (7864 turns).

pokeman the Thaumaturge (Deep Elf Wizard)           Turns: 7864, Time: 00:14:59

Health: 0/38       AC:  6    Str:  4    XL:     7   Next: 35%
Magic:  10/20      EV: 12    Int: 25    God:
Gold:   627        SH:  0    Dex: 19    Spells: 11/22 levels left

rFire    . . .     SeeInvis .   I - -2 spear (curse)
rCold    . . .     Gourm    .   (no shield)
rNeg     . . .     Faith    .   w - +0 leather armour
rPois    .         Spirit   .   G - +2 helmet
rElec    .         Reflect  .   (no cloak)
rCorr    .         Harm     .   (no gloves)
MR       .....                  (no boots)
Stlth    ++........             j - amulet of inaccuracy (curse)
HPRegen  0.12/turn              f - +6 ring of dexterity
MPRegen  0.17/turn              F - ring of wizardry

@: very slightly contaminated
A: no striking features
a: no special abilities


You were in a bailey.
You were hungry.

You visited 1 branch of the dungeon, and saw 7 of its levels.
You also visited: Ossuary and Bailey.

You collected 627 gold pieces.

Inventory:

Hand Weapons
 I - a cursed -2 spear (weapon)
Missiles
 a - 42 bolts
Armour
 w - a +0 leather armour (worn)
 y - a +0 buckler
 G - a +2 helmet (worn)
Jewellery
 f - a +6 ring of dexterity (left hand)
 j - a cursed amulet of inaccuracy (around neck)
 x - a +4 ring of evasion
 F - a ring of wizardry (right hand)
Scrolls
 h - 3 scrolls of identify
 l - 5 scrolls of teleportation {unknown}
 m - 3 scrolls of noise {unknown}
 n - 5 scrolls of remove curse {unknown}
 r - 4 scrolls of amnesia {unknown}
 t - a scroll of enchant armour {unknown}
 v - 5 scrolls of fog {unknown}
 z - a scroll of blinking {unknown}
 B - a scroll of holy word {unknown}
 E - a scroll of acquirement {unknown}
 H - a scroll of fear {unknown}
Potions
 c - 2 potions of magic {unknown}
 e - 5 potions of ambrosia {unknown}
 g - a potion of flight {unknown}
 i - a potion of berserk rage {unknown}
 k - a potion of mutation {unknown}
 o - 4 potions of heal wounds {unknown}
 p - 2 potions of stabbing {unknown}
 q - a potion of lignification {unknown}
 s - 3 potions of cancellation {unknown}
 u - 2 potions of resistance {unknown}
 A - a potion of might {unknown}
 C - 2 potions of curing {unknown}
 D - a potion of brilliance {unknown}
Comestibles
 d - 6 rations


   Skills:
 - Level 1.0 Fighting
 - Level 1.0 Armour
 - Level 3.0 Dodging
 - Level 3.2 Stealth
 + Level 1.5 Shields
 * Level 8.0 Spellcasting
 + Level 4.0 Conjurations
 - Level 1.1 Summonings
 - Level 1.1 Translocations
 + Level 2.4 Fire Magic
 - Level 1.0 Air Magic
 - Level 1.0 Poison Magic


You had 11 spell levels left.
You knew the following spells:

 Your Spells              Type           Power        Failure   Level  Hunger
a - Magic Dart            Conj           ####         1%          1    None
b - Mephitic Cloud        Conj/Pois/Air  ###.....     6%          3    None
c - Call Imp              Summ           ###.....     4%          2    None
d - Blink                 Tloc           N/A          4%          2    None
e - Conjure Flame         Conj/Fire      ####....     3%          3    None

Your spell library contained the following spells:

 Spells                   Type           Power        Failure   Level  Hunger
 Slow                     Hex            ##......     6%          2    None


Dungeon Overview and Level Annotations

Branches:
Dungeon (7/15)             Temple (0/1) D:7         Ossuary (visited)
 Bailey (1/1)

Altars:
Ashenzari
Kikubaaqudgha
Sif Muna
Yredelemnul


Message History

The orc hits the orc with a +0 spear.
The orc is engulfed in noxious fumes.
The orc appears confused.
The orc hits you with a +0 hand axe.
The orc is engulfed in blazing flames.
You kill the orc!
The orc barely misses you. The orc hits you but does no damage.
Unknown command.
You completely miss the orc.
The orc warrior seems less confused.
The orc warrior hits you from afar with a +0 halberd!!
Ouch! That really hurt!
* * * LOW HITPOINT WARNING * * *
The orc closely misses you.
The orc is engulfed in noxious fumes.
The orc appears confused.
You kill the orc!
The orc hits you but does no damage. The orc closely misses you.
The orc hits you from afar with a +0 halberd.
* * * LOW HITPOINT WARNING * * *
Unknown command.
Unknown command.
The orc hits you from afar with a +0 spear.
You die...

#######
##oo∩@.##
#..o☼°..#
#∩.°°oo∩#
#..°o°..#
#....o..#
#.......#
#.......#
#.......#
#.......#


You could see an orc warrior and 6 orcs.

Vanquished Creatures
  An ogre (D:6)
  A scorpion (D:5)
  A crimson imp (D:6)
  A bullfrog zombie (D:6)
  2 orc wizards (D:6)
  A worker ant (D:5)
  2 big kobold zombies (Ossuary)
  7 mummies
  7 adders
  2 gnolls (D:2)
  A shadow imp (D:5)
  2 oozes
  An adder skeleton (D:6)
  An adder zombie (D:5)
  3 worms
  2 dart slugs
  2 leopard geckos
  23 orcs
  4 giant cockroaches
  6 goblins
  8 hobgoblins
  14 jackals
  2 quokkas (D:3)
  A ball python (D:1)
  9 bats
  A frilled lizard (D:2)
  2 hobgoblin zombies
  12 kobolds
  3 kobold zombies
  A leopard gecko skeleton (D:6)
  3 orc zombies (Ossuary)
  A quokka skeleton (D:4)
  A quokka zombie (D:5)
  8 rats
136 creatures vanquished.

Vanquished Creatures (collateral kills)
  2 mummies (Ossuary)
  A gnoll (D:2)
3 creatures vanquished.

Grand Total: 139 creatures vanquished

Notes
Turn   | Place    | Note
-------+----------+-------------------------------------------
     0 | D:1      | pokeman the Deep Elf Wizard began the quest for the Orb.
     0 | D:1      | Reached XP level 1. HP: 10/10 MP: 7/7
   443 | D:1      | Reached XP level 2. HP: 15/15 MP: 7/9
  1012 | D:2      | Reached skill level 5 in Spellcasting
  1124 | D:2      | Reached XP level 3. HP: 20/20 MP: 2/11
  1129 | D:2      | Learned a level 3 spell: Mephitic Cloud
  1132 | D:2      | Learned a level 2 spell: Call Imp
  1135 | D:2      | Learned a level 2 spell: Blink
  1139 | D:2      | Learned a level 3 spell: Conjure Flame
  1440 | D:2      | Found a basalt altar of Yredelemnul.
  1473 | D:2      | Reached skill level 1 in Armour
  1479 | D:2      | Reached skill level 1 in Fighting
  1653 | D:2      | Reached XP level 4. HP: 15/25 MP: 0/13
  2372 | D:2      | Found a shimmering blue altar of Sif Muna.
  2374 | D:2      | Found an ancient bone altar of Kikubaaqudgha.
  2701 | D:3      | Reached skill level 1 in Fire Magic
  2962 | D:3      | Reached XP level 5. HP: 29/29 MP: 13/15
  3022 | D:3      | Reached skill level 6 in Spellcasting
  4438 | D:5      | Entered Level 5 of the Dungeon
  4525 | D:5      | Reached skill level 1 in Air Magic
  4553 | D:5      | Found a sand-covered staircase.
  4578 | Ossuary  | Entered an ossuary
  4969 | Ossuary  | Reached XP level 6. HP: 34/34 MP: 7/17
  5022 | Ossuary  | Reached skill level 1 in Poison Magic
  5566 | D:5      | Reached skill level 7 in Spellcasting
  7046 | D:6      | Reached skill level 1 in Shields
  7195 | D:6      | Reached XP level 7. HP: 38/38 MP: 13/20
  7425 | D:6      | Found a shattered altar of Ashenzari.
  7572 | D:6      | Reached skill level 8 in Spellcasting
  7799 | D:7      | Found a flagged portal.
  7808 | Bailey   | Entered a bailey
  7864 | Bailey   | Slain by an orc

Illustrated notes

Levels and vault maps discovered:
D:1:      minmay_arrival_open_corners, layout_rooms
D:2:      layout_loops_ring, nicolae_overflow_hidden_temple
D:3:      layout_basic, small_statue_intersection
D:4:      layout_loops_ring, first_ration, minivault_11
D:5:      layout_basic, nicolae_ossuary_entry_giza
D:6:      layout_loops_ring, ashenzari_conservatory_becter,
          minmay_misc_feat_diagonals
D:7:      minmay_the_grid_octo_tiled_squarecenter [minmay_the_grid_octo_shrine,
          minmay_the_grid_octo_77, minmay_the_grid_octo_teeth,
          minmay_the_grid_octo_chip,
          minmay_the_grid_square_5x5_megaprize_crossed,
          minmay_the_grid_square_5x5_spiral,
          minmay_the_grid_square_5x5_fancy_junction,
          minmay_the_grid_square_5x5_hourglass,
          minmay_the_grid_square_5x5_two_small], layout_basic, enter_bailey_2
Bailey:   bailey_polearm_5, bailey

Skill      XL: |  1  2  3  4  5  6  7 |
---------------+----------------------+-----
Spellcasting   | 5 6 7 8 |  8.0
Armour         | 1 |  1.0
Fighting       | 1 |  1.0
Conjurations   | 2 3 4 |  4.0
Fire Magic     | 1 2 |  2.4
Dodging        | 3 |  3.0
Air Magic      | 1 |  1.0
Stealth        | 3 |  3.2
Poison Magic   | 1 |  1.0
Shields        | 1 |  1.5
Summonings     | |  1.1
Translocations | |  1.1

Action                   |  1- 3 |  4- 6 |  7- 9 || total
-------------------------+-------+-------+-------++-------
Melee: Unarmed           |    16 |    18 |       ||    34
       Spear             |       |       |     7 ||     7
 Cast: Magic Dart        |   103 |   303 |    18 ||   424
       Call Imp          |     1 |     4 |       ||     5
       Conjure Flame     |       |     4 |     2 ||     6
       Mephitic Cloud    |       |     1 |     2 ||     3
       Blink             |       |     1 |       ||     1
  Use: Scroll            |       |       |     2 ||     2
  Eat: Chunk             |     2 |    10 |     1 ||    13
       Ration            |       |     2 |       ||     2
Armor: Robe              |    10 |     1 |       ||    11
       Leather armour    |       |     8 |     4 ||    12
Dodge: Dodged            |    23 |    92 |    10 ||   125
